 Dungeon Crawl Stone Soup version 0.28.0-53-g5a82cb258f (webtiles) character file.

Game seed: 8840832346605342299

233 SanguineChosen the Chopper (level 5, -10/48 HPs)
             Began as a Minotaur Berserker on Aug 2, 2022.
             Was a Believer of Trog.
             Killed by nerve-wracking pain
             ... invoked by a shadow imp
              (14 damage)
             ... on level 3 of the Dungeon.
             The game lasted 00:11:18 (3203 turns).

SanguineChosen the Chopper (Minotaur Berserker)     Turns: 3203, Time: 00:11:18

Health: -10/48     AC:  6    Str: 24    XL:     5   Next: 75%
Magic:  4/4        EV: 11    Int:  4    God:    Trog [**....]
Gold:   129        SH:  0    Dex:  9    Spells: 4/4 levels left

rFire   . . .      SeeInvis .   a - +1 hand axe
rCold   . . .      Faith    .   (no shield)
rNeg    . . .      Spirit   .   n - +1 ring mail
rPois   .          Reflect  .   (helmet restricted)
rElec   .          Harm     .   (no cloak)
rCorr   .          Rampage  .   (no gloves)
Will    .....                   (no boots)
Stlth   ..........              (no amulet)
HPRegen 0.16/turn               (no ring)
MPRegen 0.09/turn               (no ring)

@: very slow
A: horns 2, retaliatory headbutt
a: Renounce Religion, Berserk, Trog's Hand


You were on level 3 of the Dungeon.
You worshipped Trog.
Trog was pleased with you.
You visited 1 branch of the dungeon, and saw 3 of its levels.

You collected 129 gold pieces.

Inventory:

Hand Weapons
 a - a +1 hand axe (weapon)
Armour
 n - a +1 ring mail (worn)
Wands
 d - a wand of polymorph (8)
 g - a wand of flame (22)
Scrolls
 b - a scroll of acquirement {unknown}
 e - a scroll of enchant weapon
Potions
 c - a potion of brilliance {unknown}
 h - a potion of invisibility {unknown}
 j - a potion of might {unknown}
 k - 2 potions of flight
 l - a potion of resistance {unknown}
 m - a potion of ambrosia {unknown}


   Skills:
 + Level 5.1 Fighting
 + Level 6.2 Axes
 + Level 2.9 Armour
 + Level 3.2 Dodging
 - Level 0.1 Stealth


You had 4 spell levels left.
You didn't know any spells.
Your spell library was empty.

Dungeon Overview and Level Annotations

Branches:
Dungeon (3/15)

Altars:
Gozag
Uskayaw

Shops:
D:2 *   D:3 [

Annotations:
D:3 1 transporter


Innate Abilities, Weirdness & Mutations

You have a pair of horns on your head.
You reflexively headbutt those who attack you in melee.


Message History

HP restored.
You now have 129 gold pieces (gained 15).
Things that are here:
a +0 short sword; 2 stones The shadow imp shouts, "Get thee hence, thou dankish fat-kidneyed meatball!"
The orc priest shouts!
The shadow imp shouts, "Return whence thou came, thou pottle-deep moldwarp slabber!"
The shadow imp shouts, "Flee, thou weedy limp-willed jarkman!"
The shadow imp summons a swarm of flies.
Partly explored, unvisited transporter.
Partly explored, unvisited transporter.
Partly explored, unvisited transporter.
The shadow imp sputters.
The shadow imp shouts, "Take thy face hence, thou rank flat-headed bull-brain!"
There is a transporter here.
You enter the transporter and appear at another place.
d - a wand of polymorph (8) As you open the door, it creaks loudly!
There is an open door here.
The shadow imp gestures at you. Pain shoots through your body!
You enter the shallow water.
Moving in this stuff is going to be slow.
The shadow imp gestures at you. Pain shoots through your body!
The shadow imp gestures at you. Pain shoots through your body!
* * * LOW HITPOINT WARNING * * *
There is a fountain of clear blue water here.
You enter the shallow water.
Moving in this stuff is going to be slow.
The orc priest mumbles some strange prayers to Beogh against you.
Pain shoots through your body!
* * * LOW HITPOINT WARNING * * *
The shadow imp spits at you. The shadow imp gestures at you.
You barely resist. The shadow imp gestures at you.
Pain shoots through your body!
You die...

#.#....##..#########.#
#....#.##..#8P.©.P8#.#
##.#.##.....#P.....P#.#
.....##..##.####'####.#
...########.#.≈...≈.#.#
.#.# #.#.≈...≈5#.# ...#
#.#o≈P≈≈≈.#.# ##.##
#.#.≈≈⌠≈≈.#.# ##..##
#.#5≈≈@≈≈5#.# ##...##
#.#.≈...≈.#.#
.#.#..#####.#.≈...≈.#.#
...##.......####+####.#
............#P).$..P#.#
###########.#8P$©$P8#.#
#.#########.#
#.....©.....#
##......#####


You could see an orc priest and 3 shadow imps.

Vanquished Creatures
  An ogre (D:3)
  Jessica (D:2)
  6 adders
  4 worms (D:2)
  3 dart slugs
  An orc (D:3)
  5 endoplasms
  A giant cockroach (D:1)
  6 goblins
  7 hobgoblins
  A quokka (D:1)
  7 ball pythons
  5 kobolds
  6 rats
54 creatures vanquished.

Notes
Turn   | Place    | Note
-------+----------+-------------------------------------------
     0 | D:1      | SanguineChosen the Minotaur Berserker began the quest for
                  | the Orb.
     0 | D:1      | Reached XP level 1. HP: 19/19 MP: 0/0
   377 | D:1      | Found a faded altar of an unknown god.
   387 | D:1      | Reached skill level 4 in Axes
   387 | D:1      | Reached XP level 2. HP: 26/27 MP: 1/1
   926 | D:2      | Reached XP level 3. HP: 25/33 MP: 2/2
  1112 | D:2      | Reached ** piety under Trog
  1164 | D:2      | Noticed Jessica
  1180 | D:2      | Killed Jessica
  1181 | D:2      | Reached XP level 4. HP: 35/41 MP: 3/3
  1323 | D:2      | Reached skill level 5 in Axes
  2042 | D:2      | Found Ovoaf's Assorted Antiques.
  2331 | D:3      | Found Paemarip's Antique Armour Emporium.
  2538 | D:3      | Found a hide-covered altar of Uskayaw.
  2594 | D:3      | Reached XP level 5. HP: 47/47 MP: 4/4
  2686 | D:3      | Found a transporter.
  2798 | D:3      | Found an opulent altar of Gozag.
  2836 | D:3      | Found a transporter.
  2936 | D:3      | Noticed an ogre
  2947 | D:3      | Killed an ogre
  2948 | D:3      | Reached skill level 5 in Fighting
  2948 | D:3      | Reached skill level 6 in Axes
  3203 | D:3      | Killed from afar by a shadow imp

Illustrated notes

Levels and vault maps discovered:
D:1:      minmay_arrival_loop, layout_basic,
          hellmonk_ecumenical_altar_heavens_door
D:2:      layout_loops_ring, serial_shops, nicolae_shop_crystal, uniq_jessica
D:3:      gammafunk_wand_slinger, layout_rooms, mainiacjoe_overflow_swirl,
          serial_shops, nicolae_shop_stone, amcnicky_mini_pool_small,
          hangedman_decor_diamond_cutter

Skill      XL: |  1  2  3  4  5 |
---------------+----------------+-----
Axes           | 4 5 6 |  6.2
Fighting       | 4 5 |  5.1
Dodging        | 3 |  3.2
Armour         | |  2.9
Stealth        | |  0.1

Action                   |  1- 3 |  4- 6 || total
-------------------------+-------+-------++-------
Melee: Hand axe          |    58 |    66 ||   124
       Headbutt          |     9 |    15 ||    24
       Punch             |     2 |       ||     2
  Use: Scroll            |       |     5 ||     5
Armor: Animal skin       |     6 |    14 ||    20
Dodge: Dodged            |    28 |    30 ||    58
